 Dungeon Crawl Stone Soup version 0.28-a0-1404-g4df0f3684d (webtiles) character file.

Game seed: 2097199154644979019

3793 fragbeetle the Insei (level 9, -2/118 HPs)
             Began as a Black Draconian Transmuter on Jan 5, 2022.
             Was an Elder of Okawaru.
             Slain by an unseen horror (5 damage)
             ... on level 10 of the Dungeon.
             The game lasted 00:26:09 (9924 turns).

fragbeetle the Insei (Black Draconian Transmuter)   Turns: 9924, Time: 00:26:09

Health: -2/118     AC:  7    Str: 12    XL:     9   Next: 96%
Magic:  9/12       EV: 15    Int: 15    God:    Okawaru [****..]
Gold:   517        SH:  0    Dex: 15    Spells: 2/12 levels left

rFire   x . .      SeeInvis .     - Unarmed
rCold   + + +      Faith    .   (shield currently unavailable)
rNeg    . . .      Spirit   .   (armour unavailable)
rPois   +          Reflect  .   (helmet currently unavailable)
rElec   .          Harm     .   (cloak currently unavailable)
rCorr   .          Rampage  .   (gloves currently unavailable)
Will    .....                   (boots currently unavailable)
Stlth   ..........              z - amulet of the acrobat
HPRegen 0.29/turn               c - +4 ring of evasion
MPRegen 0.13/turn               (no ring)

@: mighty, berserking (expiring), ice-form, very quick
A: freezing attack, amphibious, boosted hp, (breathe lightning), AC +7, large,
unfitting armour, (electricity resistance), (cold-blooded), frail 1, mutation
resistance 1
a: End Transformation, Renounce Religion, Heroism, Finesse


You were on level 10 of the Dungeon.
You worshipped Okawaru.
Okawaru was greatly pleased with you.
You were a creature of crystalline ice.
You visited 2 branches of the dungeon, and saw 11 of its levels.

You collected 517 gold pieces.

Inventory:

Missiles
 f - 228 stones
 g - 56 poisoned darts
 l - a curare-tipped dart
 n - 37 sling bullets
 u - 3 boomerangs (quivered)
 v - 3 javelins
Armour
 d - a scarf of invisibility (melded)
 e - an orb of energy
 m - an orb of wrath
 p - a +1 pair of gloves (melded)
Jewellery
 c - a +4 ring of evasion (left front paw)
 z - an amulet of the acrobat (around neck)
 J - an amulet of reflection
Wands
 t - a wand of iceblast (12)
 y - a wand of digging (17)
 B - a wand of polymorph (8)
 D - a wand of flame (21)
 E - a wand of mindburst (31)
 L - a wand of paralysis (7)
Scrolls
 a - a scroll of immolation {unknown}
 b - a scroll of acquirement {unknown}
 i - 2 scrolls of teleportation
 j - 5 scrolls of enchant weapon
 k - 3 scrolls of identify
 o - a scroll of enchant armour {unknown}
 x - 2 scrolls of amnesia {unknown}
 F - 2 scrolls of magic mapping {unknown}
 H - a scroll of blinking {unknown}
 K - a scroll of vulnerability {unknown}
Potions
 r - a potion of curing {unknown}
 s - a potion of lignification {unknown}
 w - a potion of heal wounds {unknown}
 A - a potion of resistance {unknown}
 C - a potion of mutation
 G - a potion of cancellation {unknown}
 I - a potion of brilliance {unknown}


   Skills:
 + Level 5.5 Fighting
 + Level 4.8 Dodging
 * Level 7.8 Unarmed Combat
 - Level 2.0 Spellcasting
 + Level 5.9 Transmutations
 * Level 5.3 Ice Magic
 + Level 5.1 Poison Magic
 + Level 3.5 Invocations


You had 2 spell levels left.
You knew the following spells:

 Your Spells              Type           Power      Damage    Failure   Level
a - Beastly Appendage     Tmut           38%        N/A       1%          1
b - Spider Form           Tmut/Pois      18%        N/A       7%          3
c - Ice Form              Ice/Tmut       18%        N/A       22%         4
d - Wereblood             Tmut           19%        N/A       3%          2

Your spell library contained the following spells:

 Spells                   Type           Power      Damage    Failure   Level
 Passwall                 Tmut/Erth      8%         N/A       10%         2
 Sandblast                Erth           2%         2d4       22%         1
 Stone Arrow              Conj/Erth      2%         3d7       54%         3


Dungeon Overview and Level Annotations

Branches:
Dungeon (10/15)            Temple (1/1) D:4
   Lair: D:8-11         Orc: D:9-12

Altars:
Ashenzari
Cheibriados
Dithmenos
Elyvilon
Fedhas
Gozag
Hepliaklqana
Makhleb
Nemelex Xobeh
Okawaru
Qazlal
Ru
Sif Muna
Trog
Uskayaw
Vehumet
Wu Jian
Xom
Yredelemnul
Zin
The Shining One

Shops:
D:5 *

Annotations:
D:8 centaur isle
D:9 zoooo


Innate Abilities, Weirdness & Mutations

You are a creature of crystalline ice.
You have a powerful freezing melee attack.
You are amphibious.
Your maximum health is increased.
Your armour is entirely melded.
You are incapable of wielding weapons or throwing items.
((You can breathe wild blasts of lightning.))
((Your glossy black scales are hard. (AC +7)))
You cannot fit into any form of body armour.
((You are resistant to electric shocks. (rElec)))
((You are cold-blooded and may be slowed by cold attacks.))
You are frail. (-10% HP)
You are somewhat resistant to further mutation.


Message History

You hit something.
Your tail-slap misses something.
The boulder beetle bites you!
* * * LOW HITPOINT WARNING * * *
Something hits you but does no damage. The orc closely misses you.
The orc warrior completely misses you.
Unknown command.
Casting: Ice Form (dangerous; 22% risk of failure)
Confirm with . or Enter, or press ? or * to list all spells.
You turn into a creature of crystalline ice.
Your scarf of invisibility melds into your body.
Your +1 pair of gloves melds into your body.
Your surroundings suddenly seem different.
Found 18 stones.
You see here 18 stones.
You punch something! You freeze something. Something hits you.
* * * LOW HITPOINT WARNING * * *
It was a potion of mutation.
You feel extremely strange.
You feel frail.
You feel genetically stable. Something hits you but does no damage.
It was a potion of might.
You feel very mighty all of a sudden. Something closely misses you.
Something hits you but does no damage. Something completely misses you.
Something misses you. Something hits you.
* * * LOW HITPOINT WARNING * * *
Something closely misses you.
You punch something! You freeze something. Something hits you!
* * * LOW HITPOINT WARNING * * *
Something completely misses you.
It was a potion of berserk rage.
A red film seems to cover your vision as you go berserk!
You feel yourself moving faster!
You feel mighty! Something hits you.
* * * LOW HITPOINT WARNING * * *
Unknown command.
You are too berserk!
You feel a strong urge to attack something.
Something barely misses you.
You punch something! You freeze something. Something hits you.
You die...

#########
#.......#
#.#.....#
#.Y.....#
#.{#....#
#.....(.#
...........#
##.#.####..#
..... ...#
....#. ....#
.#..#.
#....# ..
..####


There were no monsters in sight!

Vanquished Creatures
  A troll (D:9)
  A shadow (D:9)
  3 wraiths (D:9)
  A wyvern (D:8)
  Eustachio (D:5)
  A water moccasin (D:8)
  2 orc warriors
  3 black bears
  2 ogres
  3 necrophages
  2 centaurs
  A kobold brigand (D:9)
  A bullfrog (D:6)
  A scorpion (D:5)
  A wyvern zombie (D:9)
  8 wights
  3 centaur zombies
  3 hounds
  2 bullfrog skeletons (D:5)
  5 orc priests
  A gnoll shaman (D:5)
  A jelly (D:3)
  5 orc wizards
  3 hound skeletons
  2 howler monkey zombies
  6 adders
  10 gnolls
  A howler monkey skeleton (D:6)
  A white imp (D:8)
  2 ufetubi (D:6)
  An adder skeleton (D:4)
  2 worms
  5 dart slugs
  25 orcs
  8 bats
  9 endoplasms
  5 giant cockroaches
  9 goblins
  7 hobgoblins
  3 jackals (D:3)
  A quokka (D:2)
  5 ball pythons
  2 frilled lizards (D:1)
  11 kobolds
  6 rats
176 creatures vanquished.

Vanquished Creatures (others)
  A plant (D:1)
1 creature vanquished.

Grand Total: 177 creatures vanquished

Notes
Turn   | Place    | Note
-------+----------+-------------------------------------------
     0 | D:1      | fragbeetle the Draconian Transmuter began the quest for the
                  | Orb.
     0 | D:1      | Reached XP level 1. HP: 16/16 MP: 3/3
   120 | D:1      | Reached XP level 2. HP: 18/23 MP: 3/5
   483 | D:1      | Found a faded altar of an unknown god.
   856 | D:2      | Reached XP level 3. HP: 24/28 MP: 3/6
  1462 | D:2      | Found a bloodstained altar of Trog.
  1752 | D:2      | Reached XP level 4. HP: 30/36 MP: 5/7
  2296 | D:2      | Reached skill level 4 in Unarmed Combat
  2306 | D:2      | HP: 1/36 [gnoll (8)]
  2308 | D:2      | Reached XP level 5. HP: 1/42 MP: 8/8
  3440 | D:3      | Found a shadowy altar of Dithmenos.
  3939 | D:4      | Learned a level 3 spell: Spider Form
  3944 | D:4      | Learned a level 4 spell: Ice Form
  3994 | D:4      | Found a burning altar of Makhleb.
  3999 | D:4      | Noticed a necrophage
  4077 | D:4      | Found a staircase to the Ecumenical Temple.
  4088 | Temple   | Entered the Ecumenical Temple
  4135 | Temple   | Became a worshipper of Warmaster Okawaru
  4366 | D:4      | Reached XP level 6. HP: 46/50 MP: 7/9
  4531 | D:4      | Reached skill level 1 in Poison Magic
  4784 | D:5      | Entered Level 5 of the Dungeon
  4869 | D:5      | Reached skill level 1 in Ice Magic
  5136 | D:5      | Reached skill level 5 in Unarmed Combat
  5169 | D:5      | Your scales start taking on a glossy black colour.
  5169 | D:5      | Reached XP level 7. HP: 31/57 MP: 3/10
  5169 | D:5      | Gained mutation: You are resistant to electric shocks.
                  | (rElec) [Black Draconian growth]
  5172 | D:5      | Learned a level 2 spell: Wereblood
  5326 | D:5      | Reached * piety under Okawaru
  5496 | D:5      | Found Webopp's Gadget Gallery.
  5658 | D:5      | Noticed Eustachio
  5677 | D:5      | Killed Eustachio
  6201 | D:5      | Reached XP level 8. HP: 44/66 MP: 11/11
  6383 | D:5      | Reached ** piety under Okawaru
  6492 | D:6      | Reached skill level 6 in Unarmed Combat
  7018 | D:6      | Reached skill level 1 in Invocations
  7039 | D:6      | Reached skill level 5 in Transmutations
  7253 | D:6      | Reached *** piety under Okawaru
  7724 | D:7      | Reached XP level 9. HP: 72/72 MP: 7/12
  8700 | D:8      | Reached skill level 7 in Unarmed Combat
  9044 | D:8      | Reached skill level 5 in Fighting
  9059 | D:8      | Found an ornate altar of the Wu Jian Council.
  9059 | D:8      | Found a basalt altar of Yredelemnul.
  9061 | D:8      | Found a glowing golden altar of the Shining One.
  9064 | D:8      | Found a bloodstained altar of Trog.
  9065 | D:8      | Found a sparkling altar of Nemelex Xobeh.
  9065 | D:8      | Found a stormy altar of Qazlal.
  9066 | D:8      | Found a glowing silver altar of Zin.
  9067 | D:8      | Found a snail-covered altar of Cheibriados.
  9069 | D:8      | Found a hazy altar of Hepliaklqana.
  9070 | D:8      | Found a sacrificial altar of Ru.
  9420 | D:9      | Noticed a troll
  9449 | D:9      | Killed a troll
  9512 | D:9      | Reached **** piety under Okawaru
  9513 | D:9      | Reached skill level 5 in Ice Magic
  9513 | D:9      | Reached skill level 5 in Poison Magic
  9794 | D:9      | Noticed a gargoyle
  9794 | D:9      | Noticed a two-headed ogre
  9841 | D:10     | Entered Level 10 of the Dungeon
  9891 | D:10     | Noticed a boulder beetle
  9913 | D:10     | Gained mutation: You are frail. (-10% HP) [potion of
                  | mutation]
  9913 | D:10     | Gained mutation: You are somewhat resistant to further
                  | mutation. [potion of mutation]
  9922 | D:10     | HP: 3/118 [something (4)]
  9924 | D:10     | Slain by an unseen horror

Illustrated notes

Levels and vault maps discovered:
D:1:      denvon_arrival_planthouse, layout_rooms,
          shapermc_ecumenical_altar_totnotflames, minmay_shallow_snake_nest
D:2:      layout_basic, basic_altar
D:3:      layout_basic, amcnicky_altar_gilded
D:4:      layout_basic, makhleb_blood_cavern_becter,
          minmay_temple_entry_steel_oval, minivault_14, grunt_ministairs_10,
          columned_hall_lemuel
D:5:      layout_basic, serial_co_window_serial, co_window_corner_a,
          co_window_of_opportunity_a, co_window_corner_a, co_window_paths_b,
          co_window_corner_a, co_window_corner_b, co_window_paths_c,
          co_window_cross_2, co_window_unsneaky_path_b, co_window_corner_b,
          nicolae_shop_gadgets, uniq_eustachio
D:6:      layout_loops_cross
D:7:      layout_cave_pods
D:8:      layout_layer_cave, minitemple, centaur_isle
D:9:      layout_basic, kennysheep_mini_moat, grunt_potential
D:10:     layout_basic, david_lair_shrubbed, serial_shops,
          nicolae_shop_advertising_works [nicolae_subvault_shop_adworks],
          minivault_25_ag, hangedman_abyss_or_decor_passed
Temple:   jpeg_temple_island

Skill      XL: |  1  2  3  4  5  6  7  8  9 |
---------------+----------------------------+-----
Dodging        | 2 3 4 |  4.8
Transmutations | 3 4 5 |  5.9
Fighting       | 2 3 4 5 |  5.5
Unarmed Combat | 4 5 6 7 |  7.8
Poison Magic   | 2 3 4 5 |  5.1
Ice Magic      | 1 2 3 5 |  5.3
Invocations    | 2 3 |  3.5
Spellcasting   | |  2.0

Action                   |  1- 3 |  4- 6 |  7- 9 || total
-------------------------+-------+-------+-------++-------
Melee: Unarmed           |    81 |   175 |   299 ||   555
       Kick              |    26 |    45 |    41 ||   112
       Tailslap          |     9 |    16 |    20 ||    45
       Headbutt          |    13 |    22 |    25 ||    60
       Punch             |     2 |     8 |     7 ||    17
Throw: Dart              |       |       |     7 ||     7
       Boomerang         |       |       |     6 ||     6
 Cast: Beastly Appendage |    27 |    43 |    26 ||    96
       Spider Form       |       |     2 |     6 ||     8
       Ice Form          |       |       |    13 ||    13
 Abil: Breathe Lightning |       |       |     1 ||     1
Evoke: Wand              |       |       |     4 ||     4
  Use: Scroll            |       |       |     4 ||     4
       Potion            |       |       |     3 ||     3
 Stab: Sleeping          |     1 |       |       ||     1
Armor: Skin              |    35 |    29 |    87 ||   151
Dodge: Dodged            |    65 |    99 |   200 ||   364

Table legend: (Time is in decaauts)
 A = Elapsed time spent in this place.
 B = Non-inter-level travel time spent in this place.
 C = Inter-level travel time spent in this place.
 D = Time resting spent in this place.
 E = Time spent auto-exploring this place.
 F = Levels seen in this place.
 G = Mean time per level.
                   A        B        C        D        E       F      G
               +--------+--------+--------+--------+--------+-----+--------+
         Total |   9890 |   9653 |    237 |    604 |   6041 |  11 |  899.1 |
       Dungeon |   9812 |   9575 |    237 |    604 |   6008 |  10 |  981.2 |
        Temple |     78 |     78 |      0 |      0 |     33 |   1 |   78.0 |
               +--------+--------+--------+--------+--------+-----+--------+

Top non-repeatable levels by time:
     D:2: 1825 daAuts
     D:5: 1600 daAuts
     D:3: 1039 daAuts
     D:1: 1029 daAuts
     D:7: 959 daAuts
     D:6: 941 daAuts
     D:8: 890 daAuts
     D:4: 803 daAuts
     D:9: 641 daAuts
    D:10: 81 daAuts
  Temple: 78 daAuts
